 Dungeon Crawl Stone Soup version 0.28-a0-1616-g050a50673c (webtiles) character file.

Game seed: 10328726625668224602

53 Hasart the Shield-Bearer (level 3, -1/31 HPs)
             Began as a Demigod Fighter on Jan 23, 2022.
             Slain by an orc (2 damage)
             ... on level 2 of the Dungeon.
             The game lasted 00:01:52 (1797 turns).

Hasart the Shield-Bearer (Demigod Fighter)          Turns: 1797, Time: 00:01:53

Health: -1/31      AC:  6    Str: 17    XL:     3   Next: 42%
Magic:  5/5        EV:  9    Int: 10    God:
Gold:   36         SH:  5    Dex: 17    Spells: 2/2 levels left

rFire   . . .      SeeInvis .   a - +0 long sword
rCold   . . .      Faith    .   c - +0 buckler
rNeg    + . .      Spirit   .   b - +0 scale mail
rPois   .          Reflect  .   (no helmet)
rElec   .          Harm     .   (no cloak)
rCorr   .          Rampage  .   (no gloves)
Will    .....                   (no boots)
Stlth   ..........              (no amulet)
HPRegen 0.10/turn               j - ring of positive energy
MPRegen 0.09/turn               (no ring)

@: no status effects
A: high mp 1, forlorn, divine attributes
a: no special abilities


You were on level 2 of the Dungeon.
You visited 1 branch of the dungeon, and saw 2 of its levels.

You collected 36 gold pieces.

Inventory:

Hand Weapons
 a - a +0 long sword (weapon)
Armour
 b - a +0 scale mail (worn)
 c - a +0 buckler (worn)
Jewellery
 j - a ring of positive energy (left hand)
Scrolls
 e - a scroll of vulnerability {unknown}
 f - a scroll of enchant weapon {unknown}
 g - a scroll of noise {unknown}
 i - a scroll of amnesia {unknown}
Potions
 d - a potion of might
 h - a potion of heal wounds {unknown}


   Skills:
 + Level 3.1 Fighting
 + Level 2.3 Long Blades
 + Level 3.1 Armour
 + Level 3.1 Shields


You had 2 spell levels left.
You didn't know any spells.
Your spell library contained the following spells:

 Spells                   Type           Power      Damage    Failure   Level
 Call Canine Familiar     Summ           0%         N/A       99%         3
 Portal Projectile        Hex/Tloc       0%         N/A       99%         3
 Leda's Liquefaction      Hex/Erth       0%         N/A       100%        4


Dungeon Overview and Level Annotations

Branches:
Dungeon (2/15)

Shops:
D:1 =   D:2 [


Innate Abilities, Weirdness & Mutations

You have an increased reservoir of magic. (+10% MP)
You shall have no god before yourself.
Your divine heritage dramatically boosts your attributes as you level up.


Message History

An orc priest comes into view. It is wielding a +0 whip.
The orc priest shouts!
You hear a shout!
Found Giek's Antique Armour Boutique.
An orc priest is nearby!
An orc comes into view. It is wielding a +0 short sword.
There is an open door here.
You hit the orc.
The orc is heavily wounded.
The orc priest invokes the aid of Beogh against you.
Pain shoots through your body! The orc hits you with a +0 short sword.
The orc priest hits you with a +0 whip.
You hit the orc priest but do no damage.
The orc closely misses you.
The orc priest mumbles some strange prayers to Beogh against you.
Beogh smites you! The orc hits you with a +0 short sword.
You closely miss the orc priest.
The orc priest hits you but does no damage.
The orc closely misses you.
You hit the orc priest.
The orc priest is heavily wounded.
You block the orc priest's attack. The orc hits you with a +0 short sword.
* * * LOW HITPOINT WARNING * * *
The orc priest hits you but does no damage.
You hit the orc priest but do no damage.
The orc priest is heavily wounded.
You block the orc's attack. The orc priest hits you with a +0 whip.
* * * LOW HITPOINT WARNING * * *
The orc hits you but does no damage.
You hit the orc priest.
The orc priest is almost dead.
The orc priest hits you with a +0 whip.
* * * LOW HITPOINT WARNING * * *
The orc closely misses you.
Unknown command.
You hit the orc priest but do no damage.
The orc priest is almost dead.
The orc priest hits you with a +0 whip.
* * * LOW HITPOINT WARNING * * *
The orc hits you with a +0 short sword.
You die...

#..................
##..................
..<##.#+#.#.######## ##
...#..#.###.###########..
...#.............#.......
...#....###......#......o
..>#...<'.'......#...o...
...#..).###......#.......
.÷.#....# #(....@#.......
...#....# #.....oo.......
...#....# #......#.......
...#....# #......#..♣....
........# #......#♣.∩.♣..
........# ######## .♣.. .
........# ......
.....#### ..... .....# ..
..


You could see an orc priest and an orc.

Vanquished Creatures
  2 adders (D:2)
  A worm (D:2)
  A dart slug (D:1)
  2 bats (D:1)
  4 endoplasms
  A goblin (D:1)
  5 hobgoblins
  A quokka (D:2)
  6 ball pythons
  2 kobolds (D:1)
  5 rats
30 creatures vanquished.

Notes
Turn   | Place    | Note
-------+----------+-------------------------------------------
     0 | D:1      | Hasart the Demigod Fighter began the quest for the Orb.
     0 | D:1      | Reached XP level 1. HP: 18/18 MP: 3/3
   315 | D:1      | Found Pytamex's Jewellery Boutique.
   444 | D:1      | Reached XP level 2. HP: 13/25 MP: 4/4
  1213 | D:2      | Reached XP level 3. HP: 21/31 MP: 5/5
  1781 | D:2      | Found Giek's Antique Armour Boutique.
  1797 | D:2      | HP: 1/31 [orc priest (3)]
  1797 | D:2      | Slain by an orc

Illustrated notes

Levels and vault maps discovered:
D:1:      heliophobic_arrival_glass_houses, layout_rooms, serial_shops,
          nicolae_shop_window_shopping, chequers_serial_rivers_large_b
D:2:      layout_basic, serial_shops, nicolae_shop_trees, uniq_robin,
          uniq_jessica

Skill      XL: |  1  2 |
---------------+-------+-----
Long Blades    | 2 |  2.3
Shields        | 3 |  3.1
Armour         | 3 |  3.1
Fighting       | 3 |  3.1

Action                   || total
-------------------------++-------
Melee: Long sword        ||    89
Armor: Scale mail        ||    35
Dodge: Dodged            ||    41
Block: Buckler           ||    21

Table legend: (Time is in decaauts)
 A = Elapsed time spent in this place.
 B = Non-inter-level travel time spent in this place.
 C = Inter-level travel time spent in this place.
 D = Time resting spent in this place.
 E = Time spent auto-exploring this place.
 F = Levels seen in this place.
 G = Mean time per level.
                   A        B        C        D        E       F      G
               +--------+--------+--------+--------+--------+-----+--------+
         Total |   1852 |   1836 |     16 |      0 |   1618 |   2 |  926.0 |
       Dungeon |   1852 |   1836 |     16 |      0 |   1618 |   2 |  926.0 |
               +--------+--------+--------+--------+--------+-----+--------+

Top non-repeatable levels by time:
     D:1: 1125 daAuts
     D:2: 726 daAuts
